 Dungeon Crawl Stone Soup version 0.31-a0-164-g2312942fda (webtiles) character file.

Game seed: 13823354238696470987

674 qw the Skirmisher (level 7, -1/44 HPs)
             Began as a Gargoyle Hunter on June 13, 2023.
             Slain by an ice beast (2 damage)
             ... on level 5 of the Dungeon.
             The game lasted 00:01:37 (3637 turns).

qw the Skirmisher (Gargoyle Hunter)                 Turns: 3637, Time: 00:01:37

Health: -1/44      AC: 11    Str: 15    XL:     7   Next: 59%
Magic:  7/7        EV: 11    Int:  9    God:
Gold:   256        SH:  0    Dex: 15    Spells: 6/6 levels left

rFire   . . .        Y - +1 shortbow (freeze)
rCold   . . .        (shield currently unavailable)
rNeg    + . .        m - +0 ring mail
rPois   inf          i - +0 helmet
rElec   +            (no cloak)
rCorr   .            (no gloves)
SInv    .            (no boots)
Will    .....        (no amulet)
Stlth   +            (no ring)
HPRegen 0.27/turn    (no ring)
MPRegen 0.10/turn

%: no passive effects
@: no status effects
A: sickness immunity, AC +4, negative energy resistance 1, electricity
resistance, torment resistance 1, petrification resistance
a: no special abilities


You were on level 5 of the Dungeon.
You visited 1 branch of the dungeon, and saw 5 of its levels.

You collected 256 gold pieces.


Innate Abilities, Weirdness & Mutations

You are immune to sickness and miasma.
Your stone body is resilient. (AC +4)
You are immune to poison.
You resist negative energy. (rN+)
You are resistant to electric shocks. (rElec)
You are resistant to unholy torment.
You are immune to petrification.


   Skills:
 + Level 4.8 Fighting
 - Level 8.0 Ranged Weapons
 - Level 1.0 Armour
 - Level 1.5 Dodging
 - Level 1.1 Stealth


You had 6 spell levels left.
You didn't know any spells.
Your spell library was empty.

Inventory:

Hand Weapons
 Y - a +1 shortbow of freezing (weapon)
Armour
 i - a +0 helmet (worn)
 m - a +0 ring mail (worn)
Scrolls
 a - a scroll of identify
Potions
 e - a potion of lignification
 f - 2 potions of might
 g - a potion of magic
 j - a potion of mutation

Dungeon Overview and Level Annotations

Branches:
Dungeon (5/15)
 Temple: D:4-7

Altars:
Cheibriados

Shops:
D:1 (

Annotations:
D:4 3 runed translucent doors, qw's ghost, amateur GrFi; qw's ghost, amateur GrHu; qw's ghost, amateur MiHu; qw's ghost, novice GrHu


Message History

The orc priest mumbles some strange prayers to Beogh against you.
You struggle to resist.
You shoot an arrow. The arrow hits the orc priest!
The arrow freezes the orc priest.
You kill the orc priest!
The ice beast hits you but does no damage.
The orc hits you but does no damage.
You shoot an arrow. The arrow hits the ice beast.
The ice beast is moderately wounded.
The ice beast hits you but does no damage.
The orc hits you but does no damage.
You shoot an arrow. The arrow closely misses the ice beast.
The ice beast barely misses you. The orc closely misses you.
You shoot an arrow. The arrow closely misses the ice beast.
The ice beast barely misses you. The orc hits you with a +0 falchion.
You shoot an arrow. The arrow hits the ice beast.
The ice beast is moderately wounded.
The ice beast closely misses you. The orc hits you with a +0 falchion.
You shoot an arrow.
The arrow completely misses the ice beast.
The ice beast hits you but does no damage.
The orc barely misses you.
You shoot an arrow. The arrow hits the ice beast!
The ice beast is heavily wounded.
The ice beast closely misses you. The orc hits you but does no damage.
You shoot an arrow. The arrow hits the ice beast.
The ice beast is severely wounded.
The ice beast barely misses you. The orc hits you but does no damage.
You shoot an arrow.
The arrow hits the ice beast but does no damage.
The ice beast is severely wounded.
The ice beast hits you. The ice beast freezes you!
The orc hits you but does no damage.
The ice beast hits you but does no damage.
The orc hits you but does no damage.
You shoot an arrow.
The arrow hits the ice beast but does no damage.
The ice beast is severely wounded.
The ice beast hits you.
You die...

########
##...o..#
##..#@)..# #
##.####Y...#
## ###.##
.....# #.
#..##
....... #.
##.##
....... #.
##..#
....... #.
#..##
###...# #.
#######.##
#.. ...# #.
........#
#..# #.


You could see an ice beast and an orc.

Vanquished Creatures
  Eustachio (D:4)
  A scorpion (D:4)
  A hound (D:5)
  2 orc priests
  Ijyb (D:3)
  3 iguanas
  A sleepcap (D:4)
  An orc wizard (D:4)
  11 gnolls
  2 adders (D:2)
  A white imp (D:4)
  4 worms
  A dart slug (D:4)
  8 orcs
  7 endoplasms
  2 giant cockroaches
  8 hobgoblins
  4 jackals (D:2)
  5 kobolds
  3 quokkas
  9 ball pythons
  8 bats
  7 goblins
  4 rats
95 creatures vanquished.

Notes
Turn   | Place    | Note
-------+----------+-------------------------------------------
     0 | D:1      | qw the Gargoyle Hunter began the quest for the Orb.
     0 | D:1      | Reached XP level 1. HP: 12/12 MP: 1/1
     0 | D:1      | 0 ||| qw: Version: 0.2-a-29-gc1b59c4
     0 | D:1      | 0 ||| qw: Game counter: 4584
     0 | D:1      | 0 ||| qw: Always use a shield: true
     0 | D:1      | 0 ||| qw: God list: Okawaru
     0 | D:1      | 0 ||| qw: Allow faded altars: false
     0 | D:1      | 0 ||| qw: Do Orc after D:15 true
     0 | D:1      | 0 ||| qw: Do second Lair branch before Depths: true
     0 | D:1      | 0 ||| qw: Lair rune preference: random
     0 | D:1      | 0 ||| qw: Plans: Normal, Zot:1-4, Slime:5, God:TSO, Crypt,
                  | Tomb, Abyss, Pan, Hells, Win
     0 | D:1      | 0 ||| PLANNING D:1-11
   167 | D:1      | Reached XP level 2. HP: 15/17 MP: 2/2
   207 | D:1      | Found Sedy's Weapon Shoppe.
   400 | D:1      | Found a faded altar of an unknown god.
   584 | D:1      | 584 ||| UPGRADING to +0 helmet.
   589 | D:1      | 589 ||| READING 2 scrolls labelled ENAEDW SEENU.
   590 | D:1      | 590 ||| READING scroll labelled PUIHIT IBRU.
   591 | D:1      | 591 ||| DROPPING scroll of butterflies.
   686 | D:2      | Reached XP level 3. HP: 21/21 MP: 3/3
   699 | D:2      | Reached skill level 5 in Ranged Weapons
   987 | D:2      | Reached skill level 3 in Fighting
  1014 | D:2      | Reached XP level 4. HP: 28/28 MP: 4/4
  1018 | D:2      | Found a snail-covered altar of Cheibriados.
  1283 | D:2      | 1283 ||| READING 3 scrolls labelled ANIVANU MUGRIF.
  1288 | D:2      | 1288 ||| DRINKING 2 lumpy black potions.
  1339 | D:3      | Identified the +5 dagger "Ipecyth" {speed, rC+ Dex+4}
  1624 | D:3      | Reached XP level 5. HP: 17/32 MP: 5/5
  1973 | D:3      | 1973 ||| UPGRADING to +0 ring mail.
  1983 | D:3      | 1983 ||| DROPPING +0 leather armour.
  1984 | D:3      | 1984 ||| READING scroll labelled OREDEK GEN ULIZAA.
  1985 | D:3      | 1985 ||| READING scroll labelled CILESCH YNGAETZ.
  1986 | D:3      | 1986 ||| READING scroll labelled XIDIH UMNES.
  1987 | D:3      | 1987 ||| READING scroll labelled HIFFEU MIDARPHI.
  1988 | D:3      | 1988 ||| DRINKING 3 green potions.
  1989 | D:3      | 1989 ||| READING 5 scrolls of identify.
  1989 | D:3      | 1989 ||| IDENTIFYING metallic green potion
  1990 | D:3      | 1990 ||| READING 4 scrolls of identify.
  1990 | D:3      | 1990 ||| IDENTIFYING amethyst potion
  1991 | D:3      | 1991 ||| READING 3 scrolls of identify.
  1991 | D:3      | 1991 ||| IDENTIFYING emerald potion
  1992 | D:3      | 1992 ||| READING 2 scrolls of identify.
  1992 | D:3      | 1992 ||| IDENTIFYING smoky green potion
  1993 | D:3      | 1993 ||| DROPPING potion of invisibility.
  1994 | D:3      | 1994 ||| DROPPING potion of brilliance.
  2033 | D:4      | Noticed Ijyb
  2034 | D:4      | Reached skill level 1 in Armour
  2037 | D:4      | Reached skill level 6 in Ranged Weapons
  2048 | D:4      | HP: 6/32 [Ijyb/+0 dagger (4)]
  2049 | D:4      | 2049 ||| READING 2 scrolls of teleportation.
  2219 | D:4      | Found a runed translucent gate.
  2230 | D:4      | Found a runed translucent gate.
  2230 | D:4      | Found a runed translucent gate.
  2230 | D:4      | Noticed qw's ghost (novice GrHu)
  2230 | D:4      | Noticed qw's ghost (amateur MiHu)
  2231 | D:4      | Noticed qw's ghost (amateur GrFi)
  2231 | D:4      | Noticed qw's ghost (amateur GrHu)
  2234 | D:4      | You fall into a shaft and drop 1 floor!
  2234 | D:5      | Entered Level 5 of the Dungeon
  2303 | D:4      | Reached XP level 6. HP: 26/39 MP: 6/6
  2523 | D:4      | Noticed Eustachio
  2574 | D:4      | Killed Eustachio
  2575 | D:4      | Reached skill level 7 in Ranged Weapons
  2628 | D:4      | 2628 ||| DRINKING potion of curing.
  2628 | D:4      | 2628 ||| (to cure confusion)
  2630 | D:4      | Reached XP level 7. HP: 44/44 MP: 7/7
  2768 | D:4      | 2768 ||| FLEEEEING.
  2769 | D:4      | 2769 ||| FLEEEEING.
  2770 | D:4      | 2770 ||| FLEEEEING.
  2771 | D:4      | 2771 ||| FLEEEEING.
  2773 | D:4      | 2773 ||| FLEEEEING.
  2774 | D:4      | 2774 ||| FLEEEEING.
  2776 | D:4      | 2776 ||| FLEEEEING.
  2777 | D:4      | 2777 ||| FLEEEEING.
  2778 | D:4      | 2778 ||| FLEEEEING.
  2785 | D:4      | 2785 ||| FLEEEEING.
  2786 | D:4      | 2786 ||| FLEEEEING.
  2787 | D:4      | 2787 ||| FLEEEEING.
  2788 | D:4      | 2788 ||| FLEEEEING.
  2789 | D:4      | 2789 ||| FLEEEEING.
  2790 | D:4      | 2790 ||| FLEEEEING.
  2791 | D:4      | 2791 ||| FLEEEEING.
  2792 | D:4      | 2792 ||| FLEEEEING.
  2793 | D:4      | 2793 ||| FLEEEEING.
  2794 | D:4      | 2794 ||| STAIRDANCE
  2811 | D:3      | 2811 ||| READING scroll labelled BOQILAN VUSCH.
  2812 | D:3      | 2812 ||| READING scroll labelled FOOROY LYOKIU.
  2816 | D:4      | 2816 ||| STAIRDANCE
  2846 | D:4      | 2846 ||| STAIRDANCE
  2868 | D:4      | 2868 ||| STAIRDANCE
  2885 | D:3      | Killed Ijyb
  3247 | D:4      | 3247 ||| READING scroll labelled APPAIST GUTO.
  3248 | D:4      | 3248 ||| READING 2 scrolls of identify.
  3248 | D:4      | 3248 ||| IDENTIFYING murky inky potion
  3281 | D:5      | 3281 ||| STAIRDANCE
  3286 | D:4      | HP: 10/44 [gnoll/+0 flail of protection (6)]
  3287 | D:4      | 3287 ||| READING scroll of teleportation.
  3288 | D:4      | 3288 ||| DRINKING potion of heal wounds.
  3423 | D:5      | 3423 ||| STAIRDANCE
  3625 | D:5      | Reached skill level 8 in Ranged Weapons
  3627 | D:5      | HP: 10/44 [orc priest/divine providence (14)]
  3632 | D:5      | HP: 9/44 [orc/+0 falchion (2)]
  3636 | D:5      | HP: 1/44 [ice beast (8)]
  3637 | D:5      | Slain by an ice beast

Levels and vault maps discovered:
D:1:      dpeg_arrival_three_smaller_balls, layout_rooms, serial_shops, shop,
          shapermc_ecumenical_altar_hornbeckon, minmay_heptomino_l4
D:2:      layout_loops_ring, basic_altar
D:3:      layout_loops_ring
D:4:      layout_loops_cross, gammafunk_ghost_cemetery,
          hangedman_abyss_or_decor_slice, uniq_ijyb, uniq_eustachio
D:5:      lemuel_insect_pit, layout_layer_cave

Skill      XL: |  1  2  3  4  5  6  7 |
---------------+----------------------+-----
Ranged Weapons | 5 6 7 8 |  8.0
Fighting       | 3 4 |  4.8
Armour         | 1 |  1.0
Dodging        | |  1.5
Stealth        | |  1.1

Action                     |  1- 3 |  4- 6 |  7- 9 || total
---------------------------+-------+-------+-------++-------
   Fire: Shortbow          |   119 |   156 |    97 ||   372
    Use: Scroll            |     2 |    10 |     5 ||    17
         Potion            |       |     3 |     1 ||     4
 Armour: Leather armour    |    20 |    11 |       ||    31
         Ring mail         |       |    24 |    31 ||    55
  Dodge: Dodged            |    22 |    53 |    42 ||   117

Table legend:
 A = Non-vault XP
 B = Vault XP
 C = Vault XP percentage of total XP
 D = Non-vault monster count
 E = Vault monster count
 F = Vault count percentage of total count
                 A         B        C        D         E       F
            +---------+---------+-------+---------+---------+-------
      Total |     725 |     238 |  24.7 |      89 |       6 |   6.3
            +---------+---------+-------+---------+---------+-------
        D:1 |      23 |       6 |  20.7 |      14 |       4 |  22.2
        D:2 |      76 |       0 |   0.0 |      24 |       0 |   0.0
        D:3 |      64 |      36 |  36.0 |      12 |       1 |   7.7
        D:4 |     368 |     196 |  34.8 |      30 |       1 |   3.2
        D:5 |     194 |       0 |   0.0 |       9 |       0 |   0.0
            +---------+---------+-------+---------+---------+-------
